 Dungeon Crawl Stone Soup version 0.27-a0-637-g3a9f0a9c12 (webtiles) character file.

Game seed: 9959845237144057637

67 EnegeticOcto the Stinger (level 4, 0/28 HPs)
             Began as a Halfling Venom Mage on Mar 14, 2021.
             Slain by a goblin (4 damage)
             ... on level 3 of the Dungeon.
             The game lasted 00:01:57 (282 turns).

EnegeticOcto the Stinger (Halfling Venom Mage)       Turns: 282, Time: 00:01:58

Health: 0/28       AC:  2    Str:  9    XL:     4   Next: 38%
Magic:  1/7        EV: 14    Int: 14    God:
Gold:   25         SH:  0    Dex: 14    Spells: 4/7 levels left

rFire    . . .     SeeInvis .   e - +1 dagger (venom)
rCold    . . .     Faith    .   (shield restricted)
rNeg     . . .     Spirit   .   a - +0 robe
rPois    .         Reflect  .   (no helmet)
rElec    .         Harm     .   (no cloak)
rCorr    .         Rampage  .   (no gloves)
Will     .....                  (no boots)
Stlth    ++........             (no amulet)
HPRegen  0.09/turn              (no ring)
MPRegen  0.10/turn              (no ring)

@: no status effects
A: small, no large weapons, mutation resistance 1
a: no special abilities


You were on level 3 of the Dungeon.
You visited 1 branch of the dungeon, and saw 3 of its levels.

You collected 25 gold pieces.

Inventory:

Hand Weapons
 c - a +0 whip
   (You took it off a kobold on level 1 of the Dungeon)
 e - a +1 dagger of venom (weapon)
   (You took it off a goblin on level 1 of the Dungeon)
Armour
 a - a +0 robe (worn)
Scrolls
 b - a scroll of identify {unknown}
 d - 3 scrolls of amnesia {unknown}
 f - a scroll of enchant weapon {unknown}
 h - a scroll of noise {unknown}
Potions
 g - a potion of attraction {unknown}


   Skills:
 + Level 1.1 Fighting
 - Level 2.1 Dodging
 - Level 2.1 Stealth
 - Level 2.0 Spellcasting
 - Level 0.5 Transmutations
 - Level 2.0 Air Magic
 - Level 3.6 Poison Magic


You had 4 spell levels left.
You knew the following spells:

 Your Spells              Type           Power      Damage    Failure   Level
a - Sting                 Tmut/Pois      28%        1d4       10%         1
b - Poisonous Vapours     Pois/Air       18%        N/A       11%         2

Your spell library contained the following spells:

 Spells                   Type           Power      Damage    Failure   Level
 Mephitic Cloud           Conj/Pois/Air  6%         N/A       32%         3
 Ignite Poison            Fire/Tmut/Pois 5%         N/A       38%         3
 Olgreb's Toxic Radiance  Pois           11%        N/A       45%         4


Dungeon Overview and Level Annotations

Branches:
Dungeon (3/15)

Altars:


Innate Abilities, Weirdness & Mutations

You are small and have problems with some larger weapons.
You are somewhat resistant to further mutation.


Message History

The orc wizard points at you and mumbles some strange words.
The magic dart hits you!
Ouch! That really hurt!
You are too injured to fight recklessly!
You are too injured to fight recklessly!
The hobgoblin shouts!
You hit the orc wizard but do no damage.
The orc wizard looks even sicker.
The orc wizard is severely wounded.
The orc wizard closely misses you.
You hit the orc wizard but do no damage.
The orc wizard looks as sick as possible!
The orc wizard is severely wounded.
The orc wizard points at you and mumbles some strange words.
You resist with significant effort.
You hit the orc wizard but do no damage.
The orc wizard looks as sick as possible!
The orc wizard is almost dead.
You kill the orc wizard!
Training target 2.0 for Spellcasting reached!
Your Spellcasting skill increases to level 2!
You need to enable at least one skill for training.
You have reached level 4!
You closely miss the orc.
An orc comes into view. It is wielding a +0 falchion.
The orc hits you but does no damage.
You closely miss the orc. The orc barely misses you.
A goblin comes into view.
You hit the orc but do no damage.
The orc is poisoned.
The orc hits you but does no damage.
You barely miss the orc. You hit the orc.
The orc looks even sicker.
The orc is moderately wounded.
The orc misses you.
You barely miss the orc.
The orc is moderately wounded.
The orc barely misses you.
You closely miss the orc.
The orc is heavily wounded.
The orc barely misses you.
You barely miss the orc.
The orc is heavily wounded.
The orc hits you but does no damage.
You hit the orc.
The orc is severely wounded.
You kill the orc!
Your Fighting skill increases to level 1!
You hit the orc but do no damage. The orc closely misses you.
You barely miss the orc. The orc hits you.
You hit the orc.
The orc is poisoned.
The orc is lightly wounded.
The orc hits you.
* * * LOW HITPOINT WARNING * * *
You hit the orc.
The orc is heavily wounded.
The orc barely misses you.
You hit the orc but do no damage.
The orc looks as sick as possible!
The orc is heavily wounded.
The orc hits you.
* * * LOW HITPOINT WARNING * * *
You kill the orc!
Casting: Sting (safe; 10% risk of failure)
Confirm with . or Enter, or press ? or * to list all spells.
Aiming: Sting (safe; 10% risk of failure)
Press: ? - help, Shift-Dir - straight line, f - hobgoblin
Aim: a hobgoblin (32% to evade)
You miscast Sting.
You are very lightly contaminated with residual magic.
Nothing appears to happen.
You barely miss the hobgoblin. The hobgoblin barely misses you.
You hit the hobgoblin.
The hobgoblin is severely wounded.
The hobgoblin completely misses you.
You hit the hobgoblin but do no damage.
The hobgoblin is severely wounded.
The hobgoblin hits you.
* * * LOW HITPOINT WARNING * * *
You closely miss the hobgoblin.
The hobgoblin is severely wounded.
The hobgoblin barely misses you.
You hit the hobgoblin.
The hobgoblin is poisoned.
The hobgoblin is almost dead.
The hobgoblin misses you.
Your magical contamination has completely faded away.
You completely miss the hobgoblin.
The hobgoblin is almost dead.
You kill the hobgoblin!
You closely miss the goblin. The goblin hits you.
* * * LOW HITPOINT WARNING * * *
You barely miss the goblin. The goblin barely misses you.
You closely miss the goblin. The goblin misses you.
Casting: Sting (safe; 10% risk of failure)
Confirm with . or Enter, or press ? or * to list all spells.
Aiming: Poisonous Vapours (safe; 11% risk of failure)
Press: ? - help, Dir - move target, f - orc
Aim: an orc, wielding a +0 falchion Poisonous vapours surround the orc!
The orc is engulfed in poison gas.
The orc is poisoned.
The goblin closely misses you.
You closely miss the goblin. The goblin hits you.
You die...

#########
#<......#
#.#####.#
#@# #g#
#o# #)#
#.# #.#
..# .## .


You could see an orc (poisoned) and a goblin.

Vanquished Creatures
  An orc wizard (D:3)
  2 adders
  An ooze (D:2)
  A leopard gecko (D:2)
  2 orcs (D:3)
  6 goblins
  A hobgoblin (D:3)
  A kobold (D:1)
  A quokka (D:2)
  A bat (D:2)
17 creatures vanquished.

Notes
Turn   | Place    | Note
-------+----------+-------------------------------------------
     0 | D:1      | EnegeticOcto the Halfling Venom Mage began the quest for
                  | the Orb.
     0 | D:1      | Reached XP level 1. HP: 11/11 MP: 3/3
    88 | D:1      | Reached XP level 2. HP: 17/17 MP: 1/4
   130 | D:2      | Learned a level 2 spell: Poisonous Vapours
   133 | D:2      | Reached skill level 1 in Air Magic
   167 | D:2      | Reached XP level 3. HP: 21/21 MP: 3/5
   247 | D:3      | Reached skill level 2 in Air Magic
   254 | D:3      | Reached skill level 2 in Spellcasting
   254 | D:3      | Reached XP level 4. HP: 14/27 MP: 1/7
   263 | D:3      | Reached skill level 1 in Fighting
   282 | D:3      | Slain by a goblin

Illustrated notes

Levels and vault maps discovered:
D:1:      scummos_arrival_simple_fountains, layout_basic, eino_curves_03
D:2:      layout_basic
D:3:      layout_loops_ring, chequers_ecumenical_altar_island,
          gup_sewer_entry_bubbles

Skill      XL: |  1  2  3  4 |
---------------+-------------+-----
Air Magic      | 1 2 |  2.0
Spellcasting   | 2 |  2.0
Fighting       | 1 |  1.1
Dodging        | |  2.1
Stealth        | |  2.1
Transmutations | |  0.5
Poison Magic   | |  3.6

Action                   |  1- 3 |  4- 6 || total
-------------------------+-------+-------++-------
Melee: Whip              |     5 |       ||     5
       Unarmed           |     3 |       ||     3
       Dagger            |    24 |    24 ||    48
 Cast: Sting             |     7 |       ||     7
       Poisonous Vapours |     4 |     1 ||     5
 Stab: Sleeping          |     1 |       ||     1
Armor: Robe              |     2 |     2 ||     4
Dodge: Dodged            |    21 |    13 ||    34

Table legend: (Time is in decaauts)
 A = Elapsed time spent in this place.
 B = Non-inter-level travel time spent in this place.
 C = Inter-level travel time spent in this place.
 D = Time resting spent in this place.
 E = Time spent auto-exploring this place.
 F = Levels seen in this place.
 G = Mean time per level.
                   A        B        C        D        E       F      G
               +--------+--------+--------+--------+--------+-----+--------+
         Total |    281 |    277 |      4 |      0 |      0 |   3 |   93.7 |
       Dungeon |    281 |    277 |      4 |      0 |      0 |   3 |   93.7 |
               +--------+--------+--------+--------+--------+-----+--------+

Top non-repeatable levels by time:
     D:2: 126 daAuts
     D:1: 112 daAuts
     D:3: 41 daAuts
